 Dungeon Crawl Stone Soup version 0.26-a0-450-ge645bd13c1 (webtiles) character file.

Game seed: 17008388079410888940

127 KristoblXynda the Slasher (level 4, -5/38 HPs)
             Began as a Draconian Gladiator on July 27, 2020.
             Was a Follower of Cheibriados.
             Slain by a gnoll
             ... wielding a +2 halberd of protection
              (12 damage)
             ... on level 4 of the Dungeon.
             The game lasted 00:02:43 (2662 turns).

KristoblXynda the Slasher (Draconian Gladiator)     Turns: 2662, Time: 00:02:45

Health: -5/38      AC:  5    Str: 18    XL:     4   Next: 85%
Magic:  4/4        EV: 13    Int: 12    God:    Cheibriados [*.....]
Gold:   114        SH:  0    Dex: 14    Spells: 3/3 levels left

rFire    . . .     SeeInvis +   a - +0 long sword
rCold    . . .     Faith    .   (no shield)
rNeg     . . .     Spirit   .   (armour unavailable)
rPois    .         Reflect  .   b - +0 hat
rElec    .         Harm     .   (no cloak)
rCorr    .                      (no gloves)
MR       .....                  (no boots)
Stlth    +.........             (no amulet)
HPRegen  0.12/turn              d - ring of see invisible
MPRegen  0.09/turn              (no ring)

@: lethally poisoned (-5 -> -37), very slow
A: unfitting armour, cold-blooded, AC +5
a: Bend Time, Renounce Religion


You were on level 4 of the Dungeon.
You worshipped Cheibriados.
Cheibriados was aware of your devotion.
You visited 1 branch of the dungeon, and saw 4 of its levels.

You collected 114 gold pieces.

Inventory:

Hand Weapons
 a - a +0 long sword (weapon)
Missiles
 c - 3 throwing nets (quivered)
Armour
 b - a +0 hat (worn)
Jewellery
 d - a ring of see invisible (left hand)
Wands
 p - a wand of iceblast (2)
Scrolls
 f - a scroll of teleportation {unknown}
 g - a scroll of remove curse {unknown}
 h - 3 scrolls of fog {unknown}
 i - 2 scrolls of random uselessness {unknown}
 j - a scroll of immolation {unknown}
 k - 3 scrolls of identify {unknown}
 n - a scroll of amnesia {unknown}
 o - a scroll of enchant weapon {unknown}
 q - 2 scrolls of blinking {unknown}
Potions
 e - a potion of haste {unknown}
 l - 3 potions of stabbing {unknown}
 m - a potion of curing {unknown}
 r - 2 potions of berserk rage {unknown}
 s - a potion of degeneration {unknown}
 t - a potion of mutation {unknown}


   Skills:
 + Level 3.0 Fighting
 * Level 4.5 Long Blades
 - Level 2.0 Throwing
 + Level 3.4 Dodging


You had 3 spell levels left.
You didn't know any spells.
Your spell library was empty.

Dungeon Overview and Level Annotations

Branches:
Dungeon (4/15)
 Temple: D:4-7

Altars:
Cheibriados
Fedhas
Kikubaaqudgha


Innate Abilities, Weirdness & Mutations

Your plain brown scales are hard. (AC +5)
You cannot fit into any form of body armour.
You are cold-blooded and may be slowed by cold attacks.


Message History

You feel sick. The gnoll misses you. x2; You riposte.
You hit the gnoll.
The gnoll is lightly wounded.
Things that are here:
a cursed -2 club; a gnoll corpse You slash the gnoll!
The gnoll is severely wounded.
You feel sick. The gnoll misses you. The gnoll hits you but does no damage.
You closely miss the gnoll.
The gnoll is severely wounded.
You feel sick.
The gnoll hits you from afar with a +2 halberd of protection!
The gnoll misses you.
You hit the gnoll.
The gnoll is almost dead.
You feel sick.
The gnoll hits you with a +1 spear of venom.
* * * LOW HITPOINT WARNING * * *
You are more poisoned.
The gnoll hits you from afar with a +2 halberd of protection!
You die...

### #.#
#.###
#...#
####
#.#.# #..
#.#.# #..
#@#.# #.#
#g#.###.#
#g#...#.#
#S###...#
#.. #..##
##. #...#
. #.#.#
.##.#.##
#.#..###


You could see 2 gnolls and an adder.

Vanquished Creatures
  A hound skeleton (D:4)
  A gnoll (D:4)
  4 adders
  A worm (D:3)
  3 dart slugs
  A leopard gecko (D:3)
  8 giant cockroaches
  8 goblins
  10 hobgoblins
  2 jackals (D:2)
  2 quokkas
  A ball python (D:1)
  3 bats
  2 frilled lizards
  7 kobolds
  6 rats
60 creatures vanquished.

Notes
Turn   | Place    | Note
-------+----------+-------------------------------------------
     0 | D:1      | KristoblXynda the Draconian Gladiator began the quest for
                  | the Orb.
     0 | D:1      | Reached XP level 1. HP: 17/17 MP: 1/1
   393 | D:1      | Reached XP level 2. HP: 24/24 MP: 2/2
   970 | D:2      | Reached XP level 3. HP: 30/30 MP: 3/3
  1228 | D:2      | Reached skill level 4 in Long Blades
  1695 | D:3      | Found a faded altar of an unknown god.
  1773 | D:3      | Found a blossoming altar of Fedhas.
  1773 | D:3      | Found an ancient bone altar of Kikubaaqudgha.
  1919 | D:3      | Reached XP level 4. HP: 33/37 MP: 4/4
  1997 | D:3      | Found a snail-covered altar of Cheibriados.
  2009 | D:3      | Became a worshipper of Cheibriados the Contemplative
  2658 | D:4      | Reached * piety under Cheibriados
  2662 | D:4      | Slain by a gnoll

Illustrated notes

Levels and vault maps discovered:
D:1:      dpeg_arrival_pits, layout_loops_ring
D:2:      layout_basic, minmay_small_reverse_x
D:3:      layout_basic, grunt_temple_overflow_growth_and_decay,
          overflow_temple_1_default, chequers_ecumenical_altar_grove
D:4:      layout_rooms, gammafunk_ghost_abyssal_escape, interstate_on_off

Skill      XL: |  1  2  3  4 |
---------------+-------------+-----
Throwing       | 2 |  2.0
Dodging        | 3 |  3.4
Long Blades    | 4 |  4.5
Fighting       | 3 |  3.0

Action                   |  1- 3 |  4- 6 || total
-------------------------+-------+-------++-------
Melee: Long sword        |   121 |    54 ||   175
       Tailslap          |    14 |     8 ||    22
 Stab: Distracted        |     1 |       ||     1
       Sleeping          |     1 |       ||     1
Armor: Skin              |    38 |    18 ||    56
Dodge: Dodged            |    88 |    39 ||   127
       Rpst.: Long sword |    22 |     9 ||    31

Table legend: (Time is in decaauts)
 A = Elapsed time spent in this place.
 B = Non-inter-level travel time spent in this place.
 C = Inter-level travel time spent in this place.
 D = Time resting spent in this place.
 E = Time spent auto-exploring this place.
 F = Levels seen in this place.
 G = Mean time per level.
                   A        B        C        D        E       F      G
               +--------+--------+--------+--------+--------+-----+--------+
         Total |   2827 |   2770 |     57 |      8 |   2192 |   4 |  706.8 |
       Dungeon |   2827 |   2770 |     57 |      8 |   2192 |   4 |  706.8 |
               +--------+--------+--------+--------+--------+-----+--------+

Top non-repeatable levels by time:
     D:3: 1168 daAuts
     D:2: 968 daAuts
     D:1: 636 daAuts
     D:4: 53 daAuts
